 Dungeon Crawl Stone Soup version 0.21.0-3-g78d12a8bdd (console) character file.

3745 Kloppie the Basher (level 9, -8/85 HPs)
             Began as a Minotaur Berserker on Jan 13, 2018.
             Was an Elder of Trog.
             Mangled by a two-headed ogre
             ... wielding a +0 giant club
              (15 damage)
             ... on level 10 of the Dungeon.
             The game lasted 00:10:46 (6566 turns).

Kloppie the Basher (Minotaur Berserker)             Turns: 6566, Time: 00:10:47

Health: -8/85      AC: 15    Str: 24    XL:     9   Next: 93%
Magic:  0/8        EV:  8    Int:  4    God:    Trog [****..]
Gold:   470        SH:  0    Dex: 11    Spells: 8/8 levels left

rFire    . . .     SeeInvis .   a - +1 flail
rCold    . . .     Gourm    .   (no shield)
rNeg     . . .     Faith    .   g - +0 plate armour
rPois    +         Spirit   +   (helmet restricted)
rElec    .         Reflect  .   (no cloak)
rCorr    .         Harm     .   p - +1 pair of gloves
MR       +....                  (no boots)
Stlth    ..........             n - amulet of guardian spirit
HPRegen  0.24/turn              y - ring of protection from magic
MPRegen  0.11/turn              w - ring of poison resistance

@: berserk cooldown, slowed, invisible, very slow
A: retaliatory headbutt, horns 2
a: Berserk, Trog's Hand, Brothers in Arms, Burn Spellbooks, Renounce Religion


You were on level 10 of the Dungeon.
You worshipped Trog.
Trog was greatly pleased with you.
You were hungry.

You visited 1 branch of the dungeon, and saw 10 of its levels.

You collected 470 gold pieces.

Inventory:

Hand Weapons
 a - a +1 flail (weapon)
 f - the +6 long sword "Dizxo" {elec, *Corrode rC- Int+8 Dex+6, unknown}
   (You found it on level 7 of the Dungeon)

   Occasionally, upon striking a foe, it will discharge some electrical energy
   and cause terrible harm.
   It affects your intelligence (+8).
   It affects your dexterity (+6).
   It makes you vulnerable to cold.
   It may corrode you when you take damage.
Armour
 g - a +0 plate armour (worn)
 p - a +1 pair of gloves (worn)
Jewellery
 n - an amulet of guardian spirit (around neck)
 o - a +3 ring of intelligence
 w - a ring of poison resistance (right hand)
 y - a ring of protection from magic (left hand)
Wands
 m - a wand of polymorph (7)
 u - a wand of scattershot (7)
 B - a wand of acid (6)
Scrolls
 b - a scroll of vulnerability {unknown}
 d - a scroll of immolation
 e - 3 scrolls of teleportation
 j - a scroll of magic mapping
 r - 6 scrolls of remove curse {unknown}
 C - 4 scrolls of identify
 H - a scroll of enchant weapon
 I - a scroll of random uselessness {unknown}
Potions
 h - 3 potions of brilliance
 i - a potion of curing
 k - a potion of magic {unknown}
 l - 2 potions of haste
 s - a potion of might
 t - a potion of cancellation
 v - a potion of ambrosia
 z - a potion of degeneration {unknown}
 A - a potion of berserk rage {unknown}
 E - a potion of mutation {unknown}
 F - 2 potions of lignification {unknown}
Books
 x - a book of Power

   Spells                             Type                      Level
   a - Iskenderun's Battlesphere      Conjuration/Charms           5
   b - Venom Bolt                     Conjuration/Poison           5
   c - Bolt of Magma                  Conjuration/Fire/Earth       5
   d - Iron Shot                      Conjuration/Earth            6
   e - Orb of Destruction             Conjuration                  7
   f - Spellforged Servitor           Conjuration/Summoning        7
   Trog disapproves of the use of such an item.
 D - a book of Minor Magic

   Spells                             Type                      Level
   a - Magic Dart                     Conjuration                  1
   b - Blink                          Translocation                2
   c - Call Imp                       Summoning                    2
   d - Slow                           Hexes                        2
   e - Conjure Flame                  Conjuration/Fire             3
   f - Mephitic Cloud                 Conjuration/Poison/Air       3
   Trog disapproves of the use of such an item.
Comestibles
 c - 8 rations
 G - 10 chunks of flesh


   Skills:
 - Level 10.1 Fighting
 + Level 12.2 Maces & Flails
 + Level 7.9 Armour
 - Level 2.1 Dodging


You had 8 spell levels left.
You didn't know any spells.

Dungeon Overview and Level Annotations

Branches:
Dungeon (9/15)             Temple (0/1) D:5            Lair (0/6) D:8
    Orc: D:9-12

Altars:
Ashenzari
Dithmenos
Elyvilon
Fedhas
Gozag
Kikubaaqudgha
Makhleb
Nemelex Xobeh
Okawaru
Uskayaw
Yredelemnul
Zin


Innate Abilities, Weirdness & Mutations

You reflexively headbutt those who attack you in melee.
You have a pair of horns on your head.


Message History

* * * LOW HITPOINT WARNING * * *
The two-headed ogre barely misses you.
The two-headed ogre hits you but does no damage.
The two-headed ogre hits you with a giant club.
* * * LOW HITPOINT WARNING * * *
Your skin stops crawling.
You feel less resistant to hostile enchantments.
Some of the chunks of flesh in your inventory have rotted away.
The two-headed ogre barely misses you. You furiously retaliate!
You headbutt the two-headed ogre, but do no damage.
The two-headed ogre hits you with a giant club!!
* * * LOW HITPOINT WARNING * * *
The two-headed ogre barely misses you.
The two-headed ogre hits you with a giant club!
* * * LOW HITPOINT WARNING * * *
Okay, then.
Okay, then.
You fade into invisibility!
The two-headed ogre hits you with a giant club!
You die...

+........#
#...)....#
#..(.....#
###........######
.................##
[...................
....................
............O.......
#######.....@.######
#.......# #.......#
#.......# #.......#
#########


You could see a two-headed ogre.

Vanquished Creatures
  A two-headed ogre (D:7)
  Psyche (D:10)
  Grinder (D:5)
  A hippogriff (D:9)
  The ghost of BrokenGlass the Insei, an amateur OpFi (D:3)
  2 orc warriors (D:7)
  An ice beast (D:5)
  A black bear (D:7)
  A sky beast (D:6)
  3 phantoms
  A centaur (D:5)
  3 bullfrogs
  A scorpion (D:9)
  3 wights (D:7)
  A howler monkey (D:7)
  7 crimson imps
  2 bullfrog zombies (D:5)
  2 bullfrog skeletons
  3 orc priests (D:7)
  A hound (D:5)
  7 orc wizards
  4 iguanas
  5 worker ants
  2 hound skeletons
  11 adders
  2 shadow imps (D:7)
  A worm (D:3)
  A dart slug (D:1)
  4 leopard geckos
  25 orcs
  2 giant cockroaches (D:5)
  5 goblins
  7 hobgoblins
  6 jackals
  3 kobolds
  3 quokkas
  3 ball pythons
  7 bats
  4 frilled lizards
  A leopard gecko skeleton (D:5)
  A quokka skeleton (D:5)
  3 rats
144 creatures vanquished.

Vanquished Creatures (others)
  A rat (D:2)
1 creature vanquished.

Grand Total: 145 creatures vanquished

Notes
Turn   | Place    | Note
-------+----------+-------------------------------------------
     0 | D:1      | Kloppie the Minotaur Berserker began the quest for the Orb.
     0 | D:1      | Reached XP level 1. HP: 19/19 MP: 0/0
   220 | D:1      | Reached skill level 4 in Maces & Flails
   221 | D:1      | Reached XP level 2. HP: 14/27 MP: 1/1
  1050 | D:2      | Found a faded altar of an unknown god.
  1078 | D:2      | Found a hide-covered altar of Uskayaw.
  1079 | D:2      | Found a burning altar of Makhleb.
  1081 | D:2      | Found an ancient bone altar of Kikubaaqudgha.
  1083 | D:2      | Found a sparkling altar of Nemelex Xobeh.
  1084 | D:2      | Found a shattered altar of Ashenzari.
  1129 | D:2      | Reached XP level 3. HP: 21/34 MP: 2/2
  1573 | D:3      | Noticed BrokenGlass's ghost (amateur OpFi)
  1583 | D:3      | Killed BrokenGlass's ghost
  1583 | D:3      | Reached skill level 5 in Fighting
  1583 | D:3      | Reached skill level 5 in Maces & Flails
  1583 | D:3      | Reached XP level 4. HP: 42/42 MP: 3/3
  1583 | D:3      | Reached XP level 5. HP: 49/49 MP: 4/4
  1776 | D:3      | Reached ** piety under Trog
  2185 | D:3      | Found a shadowy altar of Dithmenos.
  2186 | D:3      | Found a white marble altar of Elyvilon.
  2428 | D:4      | Reached skill level 6 in Maces & Flails
  2537 | D:4      | Noticed an angel
  2538 | D:4      | Found a glowing silver altar of Zin.
  2788 | D:5      | Entered Level 5 of the Dungeon
  2841 | D:5      | Found a basalt altar of Yredelemnul.
  2842 | D:5      | Reached XP level 6. HP: 58/58 MP: 5/5
  2943 | D:5      | Reached skill level 7 in Maces & Flails
  2963 | D:5      | Reached XP level 7. HP: 31/66 MP: 6/6
  3296 | D:5      | Found a staircase to the Ecumenical Temple.
  3547 | D:5      | Reached *** piety under Trog
  3644 | D:5      | Found an opulent altar of Gozag.
  3646 | D:5      | Noticed Grinder
  3658 | D:5      | Killed Grinder
  3658 | D:5      | Reached skill level 8 in Maces & Flails
  3938 | D:6      | Reached XP level 8. HP: 48/77 MP: 5/7
  4077 | D:6      | Reached skill level 9 in Maces & Flails
  4689 | D:7      | Reached skill level 10 in Fighting
  4689 | D:7      | Reached skill level 10 in Maces & Flails
  4963 | D:7      | Found a blossoming altar of Fedhas.
  4980 | D:7      | Got a scorched long sword
  5025 | D:7      | Noticed a two-headed ogre
  5045 | D:7      | Killed a two-headed ogre
  5045 | D:7      | Reached skill level 11 in Maces & Flails
  5045 | D:7      | Reached skill level 5 in Armour
  5045 | D:7      | Reached XP level 9. HP: 73/85 MP: 5/8
  5686 | D:8      | Found a white marble altar of Elyvilon.
  5861 | D:8      | Found an iron altar of Okawaru.
  6003 | D:8      | Found a staircase to the Lair.
  6470 | D:9      | Reached skill level 12 in Maces & Flails
  6498 | D:9      | Reached **** piety under Trog
  6543 | D:9      | You fall through a shaft!
  6543 | D:10     | Entered Level 10 of the Dungeon
  6543 | D:10     | Noticed Psyche
  6548 | D:10     | Noticed a two-headed ogre
  6558 | D:10     | Killed Psyche
  6558 | D:10     | Received a gift from Trog
  6566 | D:10     | Mangled by a two-headed ogre

Skill      XL: |  1  2  3  4  5  6  7  8  9 |
---------------+----------------------------+-----
Fighting       | 4 5 6 7 8 10 | 10.1
Maces & Flails | 4 5 6 7 8 11 12 | 12.2
Armour         | 5 7 |  7.9
Dodging        | |  2.1

Action                   |  1- 3 |  4- 6 |  7- 9 || total
-------------------------+-------+-------+-------++-------
Melee: Mace              |    55 |    93 |   146 ||   294
       Headbutt          |     4 |    16 |    46 ||    66
       Flail             |       |       |   123 ||   123
Invok: Berserk           |     2 |       |     5 ||     7
       Trog's Hand       |       |       |     4 ||     4
  Use: Scroll            |       |       |    14 ||    14
       Potion            |       |       |     1 ||     1
  Eat: Chunk             |     2 |     3 |    10 ||    15
       Ration            |       |     1 |     2 ||     3
Armor: Animal skin       |     7 |       |       ||     7
       Ring mail         |     2 |    36 |    49 ||    87
       Plate armour      |       |       |    86 ||    86
Dodge: Dodged            |    32 |    77 |   125 ||   234
